TOP OF THE 1ST |
Purdue Boilermakers batting - Pitching for Kentucky Wildcats : RHP Rafael Medina
|
Pitching: RHP Rafael Medina
|
|
Batting: RHB Juan Castillo
|
0-0: Ball 1-0: Ball 2-0: Called Strike 2-1: Foul Ball, location: 2F 2-2: Ball 3-2: Strikes out swinging
|
Batting: LHB Ray Bryant
|
0-0: Foul Ball, location: 2F 0-1: Called Strike 0-2: Foul Ball, location: 2F 0-2: SINGLE (Line Drive, 6D)
|
Batting: RHB John Martin
|
0-0: Ball 1-0: Fly out, F9 (Flyball, 9S)
|
Batting: LHB Richard Brooks
|
0-0: Called Strike 0-1: Ball 1-1: Foul Ball, location: 2F 1-2: Foul Ball, location: 2F 1-2: Ball 2-2: Ball 3-2: Base on Balls Ray Bryant to second
|
Batting: RHB Norm Scott
|
0-0: Ball 1-0: Ball 2-0: Foul Ball, location: 2F 2-1: Foul Ball, location: 2F 2-2: Foul Ball, location: 2F 2-2: SINGLE (Groundball, 4MD) Ray Bryant to third Richard Brooks to second Runner from 3rd tries for Home, SAFE, no throw or cutoff
|
Batting: RHB Glenn Broadwater
|
0-0: Ball 1-0: Fly out, F9 (Line Drive, 89M)
|
Top of the 1st over - 1 run(s), 2 hit(s), 0 error(s), 2 left on base; Purdue 1 - Kentucky 0 |
BOTTOM OF THE 1ST |
Kentucky Wildcats batting - Pitching for Purdue Boilermakers : LHP Ben Reyes
|
Pitching: LHP Ben Reyes
|
|
Batting: RHB Jerry Gentry
|
0-0: Ball 1-0: Ball 2-0: Fly out, F9 (Popup, 3D)
|
Batting: RHB Frank Maxwell
|
0-0: Called Strike 0-1: Ball 1-1: Fly out, F4 (Popup, 34)
|
Batting: RHB Phil Kennedy
|
0-0: Ball 1-0: Fly out, F8 (Flyball, 8RS)
|
Bottom of the 1st over - 0 run(s), 0 hit(s), 0 error(s), 0 left on base; Purdue 1 - Kentucky 0 |
TOP OF THE 2ND |
Purdue Boilermakers batting - Pitching for Kentucky Wildcats : RHP Rafael Medina
|
Batting: SHB Ben Summers
|
0-0: Ball 1-0: Foul Ball, location: 2F 1-1: Ball 2-1: Ground out 6-3 (Groundball, 6M)
|
Batting: RHB Jeff Mason
|
0-0: Ball 1-0: Ball 2-0: Ball 3-0: Called Strike 3-1: Base on Balls
|
Batting: RHB Bill Crawley
|
0-0: Ball Wild Pitch! Jeff Mason to second 1-0: Called Strike 1-1: Ball Jeff Mason is caught stealing 3rd base 2-1: Ball 3-1: Foul Ball, location: 2F 3-2: Strikes out looking
|
Top of the 2nd over - 0 run(s), 0 hit(s), 0 error(s), 0 left on base; Purdue 1 - Kentucky 0 |
BOTTOM OF THE 2ND |
Kentucky Wildcats batting - Pitching for Purdue Boilermakers : LHP Ben Reyes
|
Batting: LHB Karl Hill
|
0-0: Called Strike 0-1: Ball 1-1: Ball 2-1: Ground out 6-3 (Groundball, 6)
|
Batting: RHB Phil McJannett
|
0-0: Called Strike 0-1: Ball 1-1: Foul Ball, location: 2F 1-2: Foul Ball, location: 2F 1-2: Ball 2-2: Foul Ball, location: 2F 2-2: Ball 3-2: Ground out 5-3 (Groundball, 56S)
|
Batting: RHB Brian Gamble
|
0-0: Ball 1-0: Foul Ball, location: 2F 1-1: Fly out, F5 (Line Drive, 56)
|
Bottom of the 2nd over - 0 run(s), 0 hit(s), 0 error(s), 0 left on base; Purdue 1 - Kentucky 0 |
TOP OF THE 3RD |
Purdue Boilermakers batting - Pitching for Kentucky Wildcats : RHP Rafael Medina
|
Batting: RHB Juan Castillo
|
0-0: Bunted foul 0-1: Hit by Pitch
|
Batting: LHB Ray Bryant
|
0-0: Ball Juan Castillo is caught stealing 2nd base 1-0: Ground out 1-3 (Groundball, 13S)
|
Batting: RHB John Martin
|
0-0: Called Strike 0-1: Swinging Strike 0-2: Foul Ball, location: 2F 0-2: Foul Ball, location: 2F 0-2: Ball 1-2: Ground out 4-3 (Groundball, 34)
|
Top of the 3rd over - 0 run(s), 0 hit(s), 0 error(s), 0 left on base; Purdue 1 - Kentucky 0 |
BOTTOM OF THE 3RD |
Kentucky Wildcats batting - Pitching for Purdue Boilermakers : LHP Ben Reyes
|
Batting: RHB Ricky White
|
0-0: Swinging Strike 0-1: Foul Ball, location: 2F 0-2: Ball 1-2: Strikes out swinging
|
Batting: LHB Carlos Romero
|
0-0: Called Strike 0-1: SINGLE (Line Drive, 89S)
|
Batting: RHB Tim James
|
0-0: Swinging Strike 0-1: Ball 1-1: SINGLE (Line Drive, 4D) Carlos Romero to second
|
Batting: RHB Jerry Gentry
|
0-0: Ball 1-0: Swinging Strike 1-1: Ball 2-1: Called Strike 2-2: Foul Ball, location: 2F 2-2: Ball 3-2: Foul Ball, location: 2F 3-2: Foul Ball, location: 2F 3-2: Foul Ball, location: 2F 3-2: Foul Ball, location: 2F 3-2: SINGLE (Line Drive, 7S) Carlos Romero to third Tim James to second Runner from 3rd tries for Home, SAFE, no throw or cutoff
|
Batting: RHB Frank Maxwell
|
0-0: Swinging Strike 0-1: Ball 1-1: Foul Ball, location: 2F 1-2: Ball 2-2: Ball 3-2: Fly out, F7 (Popup, 6D)
|
Batting: RHB Phil Kennedy
|
0-0: Foul Ball, location: 2F 0-1: Ball 1-1: Ball 2-1: Ball 3-1: Base on Balls Tim James to third Jerry Gentry to second
|
Batting: LHB Karl Hill
|
0-0: Ball 1-0: Swinging Strike 1-1: Ball 2-1: Swinging Strike 2-2: Ball 3-2: Ground out 1-3 (Groundball, 15)
|
Bottom of the 3rd over - 1 run(s), 3 hit(s), 0 error(s), 3 left on base; Purdue 1 - Kentucky 1 |
TOP OF THE 4TH |
Purdue Boilermakers batting - Pitching for Kentucky Wildcats : RHP Rafael Medina
|
Batting: LHB Richard Brooks
|
0-0: Called Strike 0-1: Foul Ball, location: 2F 0-2: Ball 1-2: Foul Ball, location: 2F 1-2: Ground out 1-3 (Groundball, 23)
|
Batting: RHB Norm Scott
|
0-0: Fly out, F5 (Line Drive, 5L)
|
Batting: RHB Glenn Broadwater
|
0-0: Reached on error, E2 (Groundball, 25)
|
Batting: SHB Ben Summers
|
0-0: Fly out, F8 (Flyball, 89M)
|
Top of the 4th over - 0 run(s), 0 hit(s), 1 error(s), 1 left on base; Purdue 1 - Kentucky 1 |
BOTTOM OF THE 4TH |
Kentucky Wildcats batting - Pitching for Purdue Boilermakers : LHP Ben Reyes
|
Batting: RHB Phil McJannett
|
0-0: Swinging Strike 0-1: Ground out 4-3 (Groundball, 4M)
|
Batting: RHB Brian Gamble
|
0-0: Called Strike 0-1: Swinging Strike 0-2: Ball 1-2: Ball 2-2: Fly out, F8 (Flyball, 8LM)
|
Batting: RHB Ricky White
|
0-0: Ball 1-0: Fly out, F8 (Popup, 4MD)
|
Bottom of the 4th over - 0 run(s), 0 hit(s), 0 error(s), 0 left on base; Purdue 1 - Kentucky 1 |
TOP OF THE 5TH |
Purdue Boilermakers batting - Pitching for Kentucky Wildcats : RHP Rafael Medina
|
Batting: RHB Jeff Mason
|
0-0: Ball 1-0: Swinging Strike 1-1: Foul Ball, location: 2F 1-2: Fly out, F6 (Line Drive, 6M)
|
Batting: RHB Bill Crawley
|
0-0: Ball 1-0: Ball 2-0: Foul Ball, location: 2F 2-1: Ball 3-1: Foul Ball, location: 2F 3-2: Foul Ball, location: 2F 3-2: Foul Ball, location: 2F 3-2: SINGLE (Groundball, 4M)
|
Batting: RHB Juan Castillo
|
0-0: Grounds into double play, 6-4-3 (Groundball, 6)
|
Top of the 5th over - 0 run(s), 1 hit(s), 0 error(s), 0 left on base; Purdue 1 - Kentucky 1 |
BOTTOM OF THE 5TH |
Kentucky Wildcats batting - Pitching for Purdue Boilermakers : LHP Ben Reyes
|
Batting: LHB Carlos Romero
|
0-0: Ball 1-0: Fly out, F1 (Line Drive, 13)
|
Batting: RHB Tim James
|
0-0: Ball 1-0: Foul Ball, location: 2F 1-1: Ball 2-1: Ball 3-1: Base on Balls
|
Batting: RHB Jerry Gentry
|
0-0: Foul Ball, location: 2F 0-1: Ball 1-1: Ball 2-1: Ball 3-1: Called Strike 3-2: Strikes out swinging
|
Pitching: RHP Scot Wright
|
|
Batting: RHB Frank Maxwell
|
0-0: Ball Tim James steals 2nd base 1-0: Swinging Strike 1-1: Ball 2-1: Swinging Strike 2-2: Ball 3-2: Base on Balls
|
Batting: RHB Phil Kennedy
|
0-0: Ball 1-0: Ball 2-0: Swinging Strike 2-1: Foul Ball, location: 2F 2-2: Foul Ball, location: 2F 2-2: Foul Ball, location: 2F 2-2: Ball 3-2: Foul Ball, location: 2F 3-2: Base on Balls Tim James to third Frank Maxwell to second
|
Batting: LHB Karl Hill
|
0-0: Called Strike 0-1: Ball 1-1: Ball 2-1: Fly out, F4 (Popup, 4)
|
Bottom of the 5th over - 0 run(s), 0 hit(s), 0 error(s), 3 left on base; Purdue 1 - Kentucky 1 |
TOP OF THE 6TH |
Purdue Boilermakers batting - Pitching for Kentucky Wildcats : RHP Rafael Medina
|
Batting: LHB Ray Bryant
|
0-0: Called Strike 0-1: Hit by Pitch
|
Batting: RHB John Martin
|
0-0: Called Strike Ray Bryant steals 2nd base 0-1: Foul Ball, location: 2F 0-2: Ground out 5-3 (Groundball, 56)
|
Batting: LHB Richard Brooks
|
0-0: Ball 1-0: Ball 2-0: Ball 3-0: Base on Balls
|
Pitching: RHP Ismael Ortíz
|
|
Batting: RHB Norm Scott
|
0-0: Foul Ball, location: 2F 0-1: Ball 1-1: Grounds into double play, 5-4-3 (Groundball, 5)
|
Top of the 6th over - 0 run(s), 0 hit(s), 0 error(s), 1 left on base; Purdue 1 - Kentucky 1 |
BOTTOM OF THE 6TH |
Kentucky Wildcats batting - Pitching for Purdue Boilermakers : RHP Scot Wright
|
Batting: RHB Phil McJannett
|
0-0: Foul Ball, location: 2F 0-1: Ball 1-1: Ball 2-1: Swinging Strike 2-2: Foul Ball, location: 2F 2-2: Ball 3-2: Base on Balls
|
Batting: RHB Brian Gamble
|
0-0: Called Strike 0-1: Ball 1-1: Foul Ball, location: 2F 1-2: Ball 2-2: Ball 3-2: Fly out, F6 (Line Drive, 6)
|
Pitching: RHP Blake Bolden
|
|
Batting: RHB Ricky White
|
0-0: Called Strike 0-1: Ball 1-1: Swinging Strike 1-2: Foul Ball, location: 2F 1-2: Foul Ball, location: 2F 1-2: Ball 2-2: Fly out, F9 (Flyball, 9M)
|
Batting: LHB Carlos Romero
|
0-0: Called Strike 0-1: Ball 1-1: Ball 2-1: Ball 3-1: Base on Balls Phil McJannett to second
|
Batting: RHB Tim James
|
0-0: Called Strike 0-1: Foul Ball, location: 2F 0-2: Ball 1-2: Ball 2-2: Ball 3-2: Base on Balls Phil McJannett to third Carlos Romero to second
|
Batting: RHB Jerry Gentry
|
0-0: Called Strike 0-1: Called Strike 0-2: Fly out, F9 (Flyball, 9M)
|
Bottom of the 6th over - 0 run(s), 0 hit(s), 0 error(s), 3 left on base; Purdue 1 - Kentucky 1 |
TOP OF THE 7TH |
Purdue Boilermakers batting - Pitching for Kentucky Wildcats : RHP Ismael Ortíz
|
Batting: RHB Glenn Broadwater
|
0-0: Foul Ball, location: 2F 0-1: Ball 1-1: Ball 2-1: Ball 3-1: Fly out, F9 (Flyball, 89M)
|
Batting: SHB Ben Summers
|
0-0: Ball 1-0: Ball 2-0: Ground out 1-3 (Groundball, 13S)
|
Batting: RHB Jeff Mason
|
0-0: Ball 1-0: Foul Ball, location: 2F 1-1: Ball 2-1: Foul Ball, location: 2F 2-2: Ball 3-2: Fly out, F8 (Flyball, 8RM)
|
Top of the 7th over - 0 run(s), 0 hit(s), 0 error(s), 0 left on base; Purdue 1 - Kentucky 1 |
BOTTOM OF THE 7TH |
Kentucky Wildcats batting - Pitching for Purdue Boilermakers : RHP Blake Bolden
|
Batting: RHB Frank Maxwell
|
0-0: Reached on error, E5 (Groundball, 56S)
|
Batting: RHB Phil Kennedy
|
0-0: Ball 1-0: Called Strike 1-1: Swinging Strike 1-2: Strikes out looking
|
Batting: LHB Karl Hill
|
0-0: Intentional Walk
|
Batting: RHB Phil McJannett
|
0-0: Called Strike 0-1: Called Strike 0-2: Ball 1-2: Foul Ball, location: 2F 1-2: Strikes out swinging
|
Batting: RHB Brian Gamble
|
0-0: Called Strike 0-1: Ball 1-1: Foul Ball, location: 2F 1-2: Foul Ball, location: 2F 1-2: Strikes out swinging
|
Bottom of the 7th over - 0 run(s), 0 hit(s), 1 error(s), 2 left on base; Purdue 1 - Kentucky 1 |
TOP OF THE 8TH |
Purdue Boilermakers batting - Pitching for Kentucky Wildcats : RHP Ismael Ortíz
|
Batting: RHB Bill Crawley
|
0-0: Ball 1-0: Ground out 6-3 (Groundball, 6)
|
Pitching: RHP Charles Jackson
|
|
Batting: RHB Juan Castillo
|
0-0: Called Strike 0-1: Ball 1-1: Ground out 5-3 (Groundball, 5)
|
Batting: LHB Ray Bryant
|
0-0: Ball 1-0: Swinging Strike 1-1: Ball 2-1: Called Strike 2-2: Strikes out swinging
|
Top of the 8th over - 0 run(s), 0 hit(s), 0 error(s), 0 left on base; Purdue 1 - Kentucky 1 |
BOTTOM OF THE 8TH |
Kentucky Wildcats batting - Pitching for Purdue Boilermakers : RHP Blake Bolden
|
Pitching: RHP Henry Webster
|
|
Batting: RHB Ricky White
|
0-0: Ball 1-0: Ball 2-0: Called Strike 2-1: Swinging Strike 2-2: Foul Ball, location: 2F 2-2: Ball 3-2: Foul Ball, location: 2F 3-2: Base on Balls
|
Batting: LHB Carlos Romero
|
0-0: Ball 1-0: Called Strike 1-1: Foul Ball, location: 2F 1-2: Strikes out looking
|
Pinch Hitting: SHB Matt Wells
|
0-0: Called Strike 0-1: Ball 1-1: Swinging Strike 1-2: Ball 2-2: Ball 3-2: Base on Balls Ricky White to second
|
Batting: RHB Jerry Gentry
|
0-0: Called Strike 0-1: Ground out 4-3 (Groundball, 4M) Ricky White to third Matt Wells to second
|
Batting: RHB Frank Maxwell
|
0-0: Ball 1-0: Fly out, F6 (Popup, 6M)
|
Bottom of the 8th over - 0 run(s), 0 hit(s), 0 error(s), 2 left on base; Purdue 1 - Kentucky 1 |
TOP OF THE 9TH |
Purdue Boilermakers batting - Pitching for Kentucky Wildcats : RHP Charles Jackson
|
Pitching: RHP Evan Miller
|
|
Now at 2B: Jack Sweet
|
|
Batting: RHB John Martin
|
0-0: Swinging Strike 0-1: Ball 1-1: Swinging Strike 1-2: Foul Ball, location: 2F 1-2: Ball 2-2: Foul Ball, location: 2F 2-2: Strikes out swinging
|
Batting: LHB Richard Brooks
|
0-0: Ball 1-0: Called Strike 1-1: Called Strike 1-2: Foul Ball, location: 2F 1-2: Ball 2-2: Ball 3-2: Foul Ball, location: 2F 3-2: Foul Ball, location: 2F 3-2: Base on Balls
|
Batting: RHB Norm Scott
|
0-0: Ball 1-0: SINGLE (Line Drive, 7LS) Richard Brooks to second
|
Batting: RHB Glenn Broadwater
|
0-0: Ball 1-0: Called Strike 1-1: Foul Ball, location: 2F 1-2: Foul Ball, location: 2F 1-2: Foul Ball, location: 2F 1-2: Foul Ball, location: 2F 1-2: Ball 2-2: Ball Wild Pitch! Richard Brooks to third Norm Scott to second 3-2: Strikes out looking
|
Batting: SHB Ben Summers
|
0-0: Fly out, F7 (Flyball, 7S)
|
Top of the 9th over - 0 run(s), 1 hit(s), 0 error(s), 2 left on base; Purdue 1 - Kentucky 1 |
BOTTOM OF THE 9TH |
Kentucky Wildcats batting - Pitching for Purdue Boilermakers : RHP Henry Webster
|
Batting: RHB Phil Kennedy
|
0-0: Foul Ball, location: 2F 0-1: Foul Ball, location: 2F 0-2: Ball 1-2: Ball 2-2: Ball 3-2: DOUBLE (Line Drive, 78M)
|
Batting: LHB Karl Hill
|
0-0: Intentional Walk
|
Batting: RHB Phil McJannett
|
0-0: Ball 1-0: Ball 2-0: Fly out, F9 (Flyball, 89D) Runner from 2nd tags up, SAFE at 3rd, no throw
|
Batting: RHB Brian Gamble
|
0-0: Ball 1-0: Fly out, F7 (Flyball, 7S)
|
Batting: RHB Ricky White
|
0-0: Ball 1-0: Fly out, F7 (Flyball, 7M)
|
Bottom of the 9th over - 0 run(s), 1 hit(s), 0 error(s), 2 left on base; Purdue 1 - Kentucky 1 |
TOP OF THE 10TH |
Purdue Boilermakers batting - Pitching for Kentucky Wildcats : RHP Evan Miller
|
Batting: RHB Jeff Mason
|
0-0: Ball 1-0: Ball 2-0: Ball 3-0: Base on Balls
|
Batting: RHB Bill Crawley
|
0-0: Ball 1-0: Bunted foul 1-1: Ball 2-1: Bunted foul 2-2: Foul Ball, location: 2F 2-2: Foul Ball, location: 2F 2-2: Strikes out swinging
|
Batting: RHB Juan Castillo
|
0-0: Foul Ball, location: 2F 0-1: Ball 1-1: Ball 2-1: Swinging Strike 2-2: Foul Ball, location: 2F 2-2: Ball 3-2: Foul Ball, location: 2F 3-2: Foul Ball, location: 2F 3-2: Strikes out looking
|
Batting: LHB Ray Bryant
|
0-0: Foul Ball, location: 2F 0-1: Ball 1-1: Ball 2-1: Ball 3-1: Called Strike 3-2: Strikes out swinging
|
Top of the 10th over - 0 run(s), 0 hit(s), 0 error(s), 1 left on base; Purdue 1 - Kentucky 1 |
BOTTOM OF THE 10TH |
Kentucky Wildcats batting - Pitching for Purdue Boilermakers : RHP Henry Webster
|
Batting: LHB Carlos Romero
|
0-0: Swinging Strike 0-1: Called Strike 0-2: Strikes out looking
|
Batting: RHB Jack Sweet
|
0-0: Swinging Strike 0-1: Hit by Pitch
|
Batting: RHB Jerry Gentry
|
0-0: TRIPLE (Flyball, 8LM) Jack Sweet scores
|
|